 Dungeon Crawl Stone Soup version 0.31-a0-1447-g87ca8d402b (webtiles) character file.

Game seed: 1177019661676759731

11525 Sonofthefire the Mimic (level 11, -4/75 HPs)
             Began as an Octopode Shapeshifter on Dec 27, 2023.
             Was an Initiate of Gozag.
             Slain by a manticore (21 damage)
             ... on level 9 of the Dungeon.
             The game lasted 00:28:32 (11268 turns).

Sonofthefire the Mimic (Octopode Shapeshifter)     Turns: 11268, Time: 00:28:33

Health: -4/75      AC:  5    Str: 18    XL:     11   Next: 79%
Magic:  11/11      EV: 23    Int: 13    God:    Gozag
Gold:   1798       SH:  5    Dex: 17    Spells: 10/10 levels left

rFire   . .          .
                       - Unarmed
rCold   . . .        (shield currently unavailable)
rNeg    . . .        B - +0 hat
rPois   +            a - amulet of reflection
rElec   .            n - +6 ring of dexterity
rCorr   +            s - +5 ring of evasion
SInv    .            z - +4 ring of protection
Will    .....        A - ring of poison resistance
Stlth   +++          I - ring of resist corrosion
HPRegen 0.32/turn    (no ring)
MPRegen 0.12/turn    (no ring)
                     (no ring)

%: reflection
@: blade tentacles, gold aura
A: almost no armour, amphibious, 8 rings, camouflage 1, gelatinous body 1,
(nimble swimmer 1), tentacles
a: Begin Untransformation, Renounce Religion, Potion Petition, Call Merchant,
Bribe Branch


You were on level 9 of the Dungeon.
You worshipped Gozag.
Gozag was most pleased with you.
You had blades for main tentacles.
You visited 2 branches of the dungeon, and saw 10 of its levels.
You also visited: Ossuary.

You collected 2038 gold pieces.
You spent 168 gold pieces at shops.
You paid 72 gold pieces to Gozag.

Inventory:

Armour
 B - a +0 hat (worn)
Jewellery
 a - an amulet of reflection (around mantle)
 n - a +6 ring of dexterity (left blade tentacle)
 s - a +5 ring of evasion (right blade tentacle)
 z - a +4 ring of protection (on tentacle)
 A - a ring of poison resistance (on tentacle)
 I - a ring of resist corrosion (on tentacle)
 J - a ring of fire
Talismans
 b - a beast talisman
 c - a flux talisman
 p - a blade talisman (active)
Wands
 w - a wand of digging (8)
 C - a wand of light (15)
 G - a wand of mindburst (15)
Scrolls
 e - 4 scrolls of teleportation {unknown}
 f - a scroll of fog {unknown}
 g - a scroll of revelation {unknown}
 i - a scroll of blinking {unknown}
 j - 2 scrolls of enchant weapon {unknown}
 l - 2 scrolls of noise {unknown}
 m - 4 scrolls of poison {unknown}
 q - 3 scrolls of enchant armour {unknown}
 v - 2 scrolls of amnesia {unknown}
 y - a scroll of immolation {unknown}
 D - a scroll of brand weapon {unknown}
Potions
 h - 2 potions of heal wounds
 k - 5 potions of curing
 o - 3 potions of enlightenment
 r - 6 potions of resistance
 t - 2 potions of cancellation
 u - a potion of attraction
 x - a potion of mutation
 E - a potion of ambrosia
 F - a potion of haste {unknown}
 H - 3 potions of berserk rage {unknown}
 K - a potion of degeneration {unknown}


   Skills:
 - Level 7.2 Fighting
 * Level 9.3 Dodging
 + Level 8.9 Unarmed Combat
 * Level 11.2 Shapeshifting


You had 10 spell levels left.
You didn't know any spells.
Your spell library contained the following spells:

 Spells                   Type           Power      Damage    Failure   Level
 Foxfire                  Conj/Fire      0%         2x1d4     30%         1
 Magic Dart               Conj           0%         1d3       30%         1
 Blink                    Tloc           0%         N/A       43%         2
 Call Imp                 Summ           0%         N/A       43%         2
 Ensorcelled Hibernation  Hex/Ice        0%         N/A       43%         2
 Searing Ray              Conj           0%         2d4       43%         2
 Fugue of the Fallen      Necr           0%         N/A       67%         3
 Stone Arrow              Conj/Erth      0%         3d7       67%         3
 Anguish                  Hex/Necr       0%         N/A       97%         4
 Fulminant Prism          Conj/Alch      0%         3d5       97%         4
 Iskenderun's Battlesphe  Conj           0%         2d6       100%        5
 Bombard                  Conj/Erth      0%         9d1       100%        6
 Plasma Beam              Fire/Air       0%         2x1d10    100%        6
 Starburst                Conj/Fire      0%         6d3       100%        6
 Spellforged Servitor     Conj/Summ      0%         N/A       100%        7
 Lehudib's Crystal Spear  Conj/Erth      0%         10d2      100%        8
 Animate Armour           Summ/Erth      Unusable   N/A       N/A         4

Dungeon Overview and Level Annotations

Branches:
Dungeon (9/15)             Temple (1/1) D:4         Ossuary (visited)
   Lair: D:8-11         Orc: D:9-12

Altars:
Ashenzari
Cheibriados
Dithmenos
Elyvilon
Fedhas
Gozag
Hepliaklqana
Kikubaaqudgha
Makhleb
Nemelex Xobeh
Okawaru
Qazlal
Ru
Sif Muna
Trog
Uskayaw
Vehumet
Wu Jian
Xom
Yredelemnul
Zin
The Shining One

Shops:
D:1 (   D:2 [[   D:6 *

Annotations:
D:1 1 transporter
D:8 2 runed translucent doors
D:9 1 transporter


Innate Abilities, Weirdness & Mutations

You have blades for main tentacles.
You are incapable of wielding weapons or throwing items.
You cannot wear most types of armour.
You are amphibious.
You can wear up to eight rings at the same time.
Your skin changes colour to match your surroundings (Stealth+).
Your rubbery body absorbs attacks. (AC +1, EV +1)
((You are camouflaged when in or above water. (Stealth+)))
You have tentacles for arms and can constrict up to eight enemies at once.


Message History

The volley of spikes skewers you!!
The barbed spikes become lodged in your body.
Okay, then.
You feel much better.
You barely miss the manticore. You slash the manticore!
The manticore is moderately wounded.
You block the manticore's attack. The manticore misses you.
The manticore closely misses you.
You slash the manticore!
The manticore is heavily wounded.
You block the manticore's attack. The manticore closely misses you.
The manticore misses you.
You slash the manticore!
You squeeze the manticore, but do no damage.
The manticore is severely wounded.
The manticore closely misses you. The manticore completely misses you.
The manticore closely misses you.
You hit the manticore but do no damage.
The manticore is severely wounded.
The manticore closely misses you. The manticore claws you!
The manticore claws you.
You closely miss the manticore.
You squeeze the manticore, but do no damage.
The manticore is severely wounded.
The manticore bites you!!
* * * LOW HITPOINT WARNING * * *
The manticore closely misses you. The manticore claws you.
* * * LOW HITPOINT WARNING * * *
You hit the manticore. You squeeze the manticore.
The manticore is almost dead.
You closely miss the manticore. Your slash misses the manticore.
The manticore is almost dead.
You carefully extract the barbed spikes from your body.
The manticore bites you!
* * * LOW HITPOINT WARNING * * *
You block the manticore's attack. The manticore misses you.
You feel much better. The manticore bites you!!
You die...
Your body crumbles into a pile of gold.

...........#...###
........####+###
#######.# #.# #.#
#.# # #.###### #
#...$H.# #
######@# # #..# +
##.# # .. ###


You could see a manticore.

Vanquished Creatures
  A boulder beetle (D:8)
  A two-headed ogre (D:8)
  A centaur warrior (D:9)
  An orc knight (D:9)
  2 ugly things (D:9)
  2 cyclopes
  2 kobold demonologists (D:8)
  A komodo dragon (D:8)
  A tengu conjurer (D:9)
  2 trolls
  A hornet (D:8)
  Prince Ribbit (D:5)
  2 vampires
  3 wyverns
  2 yaks
  Eustachio (D:5)
  A steam dragon (D:8)
  A vampire mosquito (D:8)
  An acid dragon (D:9)
  2 water moccasins (D:7)
  3 sky beasts (D:8)
  An ogre (D:5)
  2 ice beasts (D:7)
  4 orc warriors
  A black bear (D:5)
  4 centaurs
  A phantom (D:3)
  The ghost of gummybears the Magician, an amateur GnHW (D:3)
  5 kobold brigands
  2 elf zombies (Ossuary)
  Blork the orc (D:6)
  8 bullfrogs
  3 scorpions
  8 wights
  A howler monkey (D:5)
  4 human zombies (Ossuary)
  2 orc priests
  A bombardier beetle (D:7)
  A jelly (D:4)
  Crazy Yiuf (D:4)
  2 hounds (D:6)
  3 sleepcaps
  2 iguanas
  Natasha (thrice) (D:3)
  7 orc wizards
  5 hound zombies (Ossuary)
  2 mummies (Ossuary)
  7 gnolls
  16 adders
  2 shadow imps
  A white imp (D:8)
  4 ufetubi (D:6)
  5 adder zombies (Ossuary)
  6 worms
  4 dart slugs
  24 orcs
  7 bats
  4 endoplasms
  3 giant cockroaches
  7 goblins
  7 hobgoblins
  2 quokkas
  10 ball pythons
  4 frilled lizards
  6 gnoll zombies (Ossuary)
  4 jackal zombies (Ossuary)
  17 kobolds
  6 kobold zombies (Ossuary)
  5 orc zombies (Ossuary)
  3 rats
261 creatures vanquished.

Vanquished Creatures (others)
  A kobold (D:8)
1 creature vanquished.

Grand Total: 262 creatures vanquished

Notes
Turn   | Place    | Note
-------+----------+-------------------------------------------
     0 | D:1      | Sonofthefire the Octopode Shapeshifter began the quest for
                  | the Orb.
     0 | D:1      | Reached XP level 1. HP: 13/13 MP: 1/1
   142 | D:1      | Found Mutrukh's Antique Weapon Shoppe.
   161 | D:1      | Reached XP level 2. HP: 16/19 MP: 2/2
   517 | D:1      | Reached XP level 3. HP: 25/25 MP: 3/3
   685 | D:2      | Found Ujoasepp's Armour Boutique.
   960 | D:2      | Reached XP level 4. HP: 33/33 MP: 4/4
   993 | D:2      | Found Camuodghi's Antique Armour Shop.
  1777 | D:3      | Found a stormy altar of Qazlal.
  1898 | D:3      | Reached XP level 5. HP: 38/38 MP: 5/5
  2149 | D:3      | Found a white marble altar of Elyvilon.
  2170 | D:3      | Noticed Natasha
  2178 | D:3      | Killed Natasha
  2179 | D:3      | Reached skill level 5 in Fighting
  2274 | D:3      | Found a runed translucent gate.
  2275 | D:3      | Found a runed translucent gate.
  2276 | D:3      | Found a runed translucent gate.
  2279 | D:3      | Noticed gummybears's ghost (amateur GnHW)
  2281 | D:3      | Noticed a phantom
  2403 | D:3      | Noticed Natasha
  2409 | D:3      | Killed Natasha
  2522 | D:3      | Noticed Natasha
  2531 | D:3      | Killed Natasha
  2598 | D:4      | Reached XP level 6. HP: 22/46 MP: 6/6
  2968 | D:4      | Found a staircase to the Ecumenical Temple.
  2977 | Temple   | Entered the Ecumenical Temple
  2984 | Temple   | Became a worshipper of Gozag Ym Sagoz the Greedy
  3364 | D:4      | Found a runed translucent door.
  3365 | D:4      | Noticed Crazy Yiuf
  3789 | D:4      | Killed Crazy Yiuf
  3819 | D:5      | Entered Level 5 of the Dungeon
  3823 | D:5      | Reached XP level 7. HP: 54/54 MP: 7/7
  3929 | D:5      | Found a shimmering blue altar of Sif Muna.
  3929 | D:5      | Noticed Eustachio
  3959 | D:5      | Killed Eustachio
  4081 | D:5      | Reached skill level 4 in Shapeshifting
  4281 | D:5      | Found a broken altar of Ashenzari.
  4499 | D:5      | Reached XP level 8. HP: 29/60 MP: 8/8
  4649 | D:5      | Reached skill level 5 in Shapeshifting
  4831 | D:5      | Noticed Prince Ribbit
  4997 | D:5      | Killed Prince Ribbit
  5049 | D:5      | Found a sacrificial altar of Ru.
  5323 | D:6      | Reached skill level 5 in Unarmed Combat
  5323 | D:6      | Reached skill level 6 in Shapeshifting
  6289 | D:6      | Found Malumm's Assorted Antiques.
  6332 | D:6      | Bought a jade ring for 120 gold pieces
  6392 | D:6      | Noticed Blork the orc
  6399 | D:6      | Reached skill level 7 in Shapeshifting
  6399 | D:6      | Reached XP level 9. HP: 64/64 MP: 9/9
  6400 | D:6      | Killed Blork the orc
  6555 | D:2      | Bought a +0 hat for 48 gold pieces
  6670 | D:3      | Killed gummybears's ghost
  6897 | D:6      | Found Malumm's Assorted Antiques.
  7854 | D:7      | Noticed a troll
  7860 | D:7      | Reached skill level 8 in Shapeshifting
  7891 | D:7      | Killed a troll
  8403 | D:8      | Reached XP level 10. HP: 71/71 MP: 10/10
  8432 | D:8      | Reached skill level 5 in Dodging
  8587 | D:8      | Noticed a kobold demonologist
  8674 | D:8      | Found a large runed translucent door.
  8674 | D:8      | Found a large runed translucent door.
  8676 | D:8      | Noticed a cyclops
  8676 | D:8      | Noticed a boulder beetle
  8676 | D:8      | Noticed a kobold demonologist
  8818 | D:8      | Reached skill level 9 in Shapeshifting
  8865 | D:8      | Found a sand-covered staircase.
  8871 | Ossuary  | Entered an ossuary
  9251 | D:8      | Found an ancient bone altar of Kikubaaqudgha.
  9294 | D:8      | Noticed a two-headed ogre
  9301 | D:8      | Killed a two-headed ogre
  9572 | D:8      | Found a large runed translucent door.
  9572 | D:8      | Found a large runed translucent door.
  9816 | D:8      | Reached skill level 10 in Shapeshifting
 10057 | D:8      | Found a hazy altar of Hepliaklqana.
 10212 | D:8      | Reached XP level 11. HP: 51/75 MP: 11/11
 10548 | D:9      | Noticed a purple ugly thing
 10548 | D:9      | Noticed a cyclops
 10565 | D:9      | Killed a cyclops
 10610 | D:9      | Noticed a purple ugly thing
 10612 | D:9      | Killed a purple ugly thing
 10617 | D:9      | Killed a purple ugly thing
 10623 | D:9      | Noticed a centaur warrior
 10632 | D:9      | Killed a centaur warrior
 10864 | D:8      | Noticed a soul eater
 10878 | D:8      | Killed a cyclops
 10879 | D:8      | Reached skill level 11 in Shapeshifting
 10917 | D:8      | Killed a boulder beetle
 11104 | D:9      | Found a transporter.
 11107 | D:9      | Noticed an arcanist
 11230 | D:9      | Noticed a boulder beetle
 11230 | D:9      | Noticed a manticore
 11230 | D:9      | Noticed an occultist
 11230 | D:9      | Noticed a death knight
 11230 | D:9      | Noticed an orc knight
 11254 | D:9      | Killed an orc knight
 11267 | D:9      | HP: 2/75 [manticore (16)]
 11268 | D:9      | Slain by a manticore

Illustrated notes

Levels and vault maps discovered:
D:1:      spicycebolla_arrival_risky_transporter, layout_basic, serial_shops,
          shop, amcnicky_mini_pool_small
D:2:      layout_basic, serial_shops, shop, shop, minivault_27,
          minmay_small_reverse_x
D:3:      wander_river, layout_loops_cross, elyvilon_altar_1,
          nicolae_overflow_hidden_temple, gammafunk_ghost_split,
          serial_bayou_lagoon_a, uniq_natasha
D:4:      layout_loops_ring, temple_pool_b, minmay_gold_behind_fungi,
          uniq_crazy_yiuf_cottage
D:5:      layout_gridville, lemuel_round_altar, mainiacjoe_overflow_boulevard,
          overflow_temple_1_default, uniq_eustachio, uniq_prince_ribbit1
D:6:      layout_loops_cross, serial_shops, nicolae_shop_peninsula,
          uniq_blork_the_orc
D:7:      minmay_bubble_buster, layout_basic, kennysheep_generic_room_12
D:8:      layout_loops_corners, nzn_hepliaklqana_mist_gate,
          mainiacjoe_overflow_cross_hatched, nicolae_ossuary_entry_plus,
          minmay_hollow_rounded_squares
D:9:      gammafunk_the_bubble [the_bubble_gammafunk_roulette], layout_rooms,
          serial_shops, nicolae_shop_advertising_works
          [nicolae_subvault_shop_adworks], serial_bayou_pond_a,
          nicolae_rejected_hall
Temple:   hellmonk_temple_of_storms

Skill      XL: |  1  2  3  4  5  6  7  8  9 10 11 |
---------------+----------------------------------+-----
Fighting       | 2 3 4 5 7 |  7.2
Shapeshifting  | 4 7 8 10 11 | 11.2
Unarmed Combat | 4 5 6 8 |  8.9
Dodging        | 4 7 9 |  9.3

Action                     |  1- 3 |  4- 6 |  7- 9 | 10-12 || total
---------------------------+-------+-------+-------+-------++-------
  Melee: Unarmed           |    59 |   131 |   234 |   322 ||   746
         Constrict         |    15 |    36 |    57 |    76 ||   184
         Tentacles         |    10 |    30 |    66 |   110 ||   216
         Punch             |     1 |     8 |     3 |    12 ||    24
    Use: Potion            |       |       |     1 |     7 ||     8
         Scroll            |       |       |     8 |     1 ||     9
   Stab: Sleeping          |     5 |    11 |     5 |     1 ||    22
         Distracted        |       |     1 |     3 |     3 ||     7
 Armour: Skin              |    17 |    32 |   123 |    66 ||   238
  Dodge: Dodged            |    40 |    80 |   172 |   195 ||   487
  Block: Other             |       |       |    29 |    52 ||    81
         Reflection        |       |       |     1 |     3 ||     4
   Form: Flux              |       |       |     1 |       ||     1
         Blade             |       |       |       |     1 ||     1

Table legend: (Time is in decaauts)
 A = Elapsed time spent in this place.
 B = Non-inter-level travel time spent in this place.
 C = Inter-level travel time spent in this place.
 D = Time resting spent in this place.
 E = Time spent auto-exploring this place.
 F = Levels seen in this place.
 G = Mean time per level.
                   A        B        C        D        E       F      G
               +--------+--------+--------+--------+--------+-----+--------+
         Total |  11191 |  10637 |    554 |   2564 |   5468 |  11 | 1017.4 |
       Dungeon |  10823 |  10276 |    547 |   2564 |   5348 |   9 | 1202.6 |
        Temple |     14 |      7 |      7 |      0 |      0 |   1 |   14.0 |
       Ossuary |    353 |    353 |      0 |      0 |    120 |   1 |  353.0 |
               +--------+--------+--------+--------+--------+-----+--------+

Top non-repeatable levels by time:
     D:8: 1877 daAuts
     D:6: 1640 daAuts
     D:5: 1618 daAuts
     D:4: 1250 daAuts
     D:3: 1131 daAuts
     D:2: 1019 daAuts
     D:7: 991 daAuts
     D:1: 676 daAuts
     D:9: 619 daAuts
 Ossuary: 353 daAuts
  Temple: 14 daAuts
